 Dungeon Crawl Stone Soup version 0.27-a0-1565-gad902ab807 (webtiles) character file.

Game seed: 2285611924693412215

4 Gwenloh the Shield-Bearer (level 1, 0/18 HPs)
             Began as a Human Fighter on July 17, 2021.
             Slain by a quokka (3 damage)
             ... on level 1 of the Dungeon.
             The game lasted 00:00:47 (422 turns).

Gwenloh the Shield-Bearer (Human Fighter)            Turns: 422, Time: 00:00:47

Health: 0/18       AC:  6    Str: 16    XL:     1   Next: 66%
Magic:  1/1        EV:  6    Int:  8    God:
Gold:   41         SH:  8    Dex: 12    Spells: 0/0 levels left

rFire    . . .     SeeInvis .   a - +0 long sword
rCold    . . .     Faith    .   c - +0 kite shield
rNeg     . . .     Spirit   .   b - +0 scale mail
rPois    .         Reflect  .   (no helmet)
rElec    .         Harm     .   (no cloak)
rCorr    .         Rampage  .   (no gloves)
Will     .....                  (no boots)
Stlth    ..........             (no amulet)
HPRegen  0.06/turn              (no ring)
MPRegen  0.07/turn              (no ring)

@: no status effects
A: no striking features
a: no special abilities


You were on level 1 of the Dungeon.
You visited 1 branch of the dungeon, and saw 1 of its levels.

You collected 41 gold pieces.

Inventory:

Hand Weapons
 a - a +0 long sword (weapon)
Armour
 b - a +0 scale mail (worn)
 c - a +0 kite shield (worn)
Scrolls
 f - a scroll of enchant armour {unknown}
Potions
 d - a potion of might
 e - a potion of ambrosia {unknown}


   Skills:
 - Level 3.0 Fighting
 + Level 2.4 Long Blades
 - Level 3.0 Armour
 - Level 3.0 Shields


You couldn't memorise any spells.
You didn't know any spells.
Your spell library was empty.

Dungeon Overview and Level Annotations

Branches:
Dungeon (1/15)

Altars:


Message History

You block the quokka's attack.
You miss the quokka.
The quokka bites you but does no damage.
You block the quokka's attack.
You closely miss the quokka. You block the quokka's attack.
You hit the quokka.
The quokka is moderately wounded.
You block the quokka's attack.
The quokka bites you but does no damage.
You miss the quokka.
The quokka is moderately wounded.
The quokka completely misses you. The quokka barely misses you.
You hit the quokka.
The quokka is severely wounded.
The quokka barely misses you. The quokka bites you.
You closely miss the quokka.
The quokka is severely wounded.
The quokka bites you but does no damage.
The quokka bites you.
* * * LOW HITPOINT WARNING * * *
You closely miss the quokka.
The quokka is severely wounded.
You block the quokka's attack.
You hit the quokka but do no damage.
The quokka is heavily wounded.
You block the quokka's attack. The quokka barely misses you.
You closely miss the quokka.
The quokka is heavily wounded.
The quokka bites you.
* * * LOW HITPOINT WARNING * * *
You block the quokka's attack.
You closely miss the quokka.
The quokka is heavily wounded.
The quokka barely misses you. The quokka closely misses you.
You closely miss the quokka.
The quokka is moderately wounded.
The quokka barely misses you.
You riposte.
You completely miss the quokka.
The quokka is moderately wounded.
The quokka bites you.
You die...

# #.# ## ## #.# #.# .# #.#
#.# #.# ## #.# #.# #.# #.#
#.# #.# ######.# #.# #.#
.......# #.# #.#
######.####.######.#
#.............@rJ#
###.##.####.######.######
....##.####.######......#
##................♣.....#
##.###.####.###.#P≈≈≈♣...#
.......# #.# # P≈≈≈≈≈♣..#
.......# #.# ..≈.≈≈≈P..#
#.#.#### #.# ##..≈≈≈.≈P##
.###.## #.# #♣≈J≈r≈P...


You could see an endoplasm and a quokka.

Vanquished Creatures
  2 hobgoblins (D:1)
  A ball python (D:1)
  A bat (D:1)
4 creatures vanquished.

Notes
Turn   | Place    | Note
-------+----------+-------------------------------------------
     0 | D:1      | Gwenloh the Human Fighter began the quest for the Orb.
     0 | D:1      | Reached XP level 1. HP: 18/18 MP: 1/1
   264 | D:1      | Found a faded altar of an unknown god.
   422 | D:1      | Slain by a quokka

Illustrated notes

Levels and vault maps discovered:
D:1:      roderic_dead_forest, layout_loops_ring,
          shapermc_ecumenical_altar_mp_ritualfount, serial_bayou,
          serial_bayou_ford_a, serial_bayou_pond_d, serial_bayou_pond_b,
          serial_bayou_pond_d, nrook_uturn

Action                   || total
-------------------------++-------
Melee: Long sword        ||    30
Armor: Scale mail        ||    16
Dodge: Dodged            ||     8
Block: Kite shield       ||    18
       Rpst.: Long sword ||     1

Table legend: (Time is in decaauts)
 A = Elapsed time spent in this place.
 B = Non-inter-level travel time spent in this place.
 C = Inter-level travel time spent in this place.
 D = Time resting spent in this place.
 E = Time spent auto-exploring this place.
 F = Levels seen in this place.
 G = Mean time per level.
                   A        B        C        D        E       F      G
               +--------+--------+--------+--------+--------+-----+--------+
         Total |    438 |    438 |      0 |      0 |    381 |   1 |  438.0 |
       Dungeon |    438 |    438 |      0 |      0 |    381 |   1 |  438.0 |
               +--------+--------+--------+--------+--------+-----+--------+

Top non-repeatable levels by time:
     D:1: 438 daAuts
